 Dungeon Crawl Stone Soup version 0.19-a0-76-g295c512 (webtiles) character file.

22 Duffy the Insei (level 2, -1/21 HPs)
             Began as a Demonspawn Transmuter on May 12, 2016.
             Slain by a worm (3 damage)
             ... on level 2 of the Dungeon.
             The game lasted 00:00:48 (1109 turns).

Duffy the Insei (Demonspawn Transmuter)             Turns: 1109, Time: 00:00:49

Health: -1/21      AC:  2    Str: 10    XL:     2   Next: 68%
Magic:  5/5        EV:  9    Int: 14    God:
Gold:   49         SH:  0    Dex: 13    Spells: 1 memorised, 4 levels left

rFire  . . .     SeeInvis .       - Unarmed
rCold  . . .     Gourm    .     b - +0 robe
rNeg   . . .     Faith    .     (no shield)
rPois  .         Spirit   .     (no helmet)
rElec  .         Dismiss  .     (no cloak)
rCorr  .         Reflect  .     (no gloves)
SustAt .         Harm     .     (no boots)
MR     .....                    (no amulet)
Stlth  +.........               (no ring)
                                h - -3 ring of evasion (curse)

@: not resistant to hostile enchantments, very unstealthy
A: talons 1
a: no special abilities


You were on level 2 of the Dungeon.
You were hungry.

You visited 1 branch of the dungeon, and saw 2 of its levels.

You collected 49 gold pieces.


Innate Abilities, Weirdness & Mutations

You have sharp toenails.


   Skills:
 - Level 1.0 Fighting
 - Level 1.7 Dodging
 + Level 3.6 Unarmed Combat
 - Level 2.0 Spellcasting
 - Level 1.7 Transmutations


You had 4 spell levels left.
You knew the following spells:

 Your Spells              Type           Power        Failure   Level  Hunger
a - Beastly Appendage     Trmt           #.....       14%         1    ##.....

Inventory:

Missiles
 a - 64 arrows
Armour
 b - a +0 robe (worn)
Jewellery
 h - a cursed -3 ring of evasion (left hand)
Scrolls
 e - 2 scrolls of identify {unknown}
 g - 2 scrolls of immolation {unknown}
Potions
 f - a potion of flight {unknown}
Books
 c - a book of Changes
Comestibles
 d - 2 bread rations

Dungeon Overview and Level Annotations

Branches:
Dungeon (2/15)

Altars:
Ashenzari


Message History

There is an open door here.
(D) Dungeon
Where to? (* - list waypoints, ? - help)
A worm comes into view.
Found a short sword.
The worm bites you.
You hit the worm. You claw the worm, but do no damage.
The worm is lightly wounded.
The worm closely misses you.
You hit the worm. You claw the worm, but do no damage.
The worm is lightly wounded.
You hit the worm. You claw the worm, but do no damage.
The worm is moderately wounded.
The worm bites you.
You barely miss the worm. You claw the worm, but do no damage.
The worm is moderately wounded.
You hit the worm but do no damage. You claw the worm, but do no damage.
The worm is moderately wounded.
The worm bites you.
You are too injured to fight recklessly!
You are too injured to fight recklessly!
You are too injured to fight recklessly!
You are too injured to fight recklessly!
You are too injured to fight recklessly!
You are too injured to fight recklessly!
You are too injured to fight recklessly!
You are too injured to fight recklessly!
You are too injured to fight recklessly!
You are too injured to fight recklessly!
You are too injured to fight recklessly!
You are too injured to fight recklessly!
You barely miss the worm. You punch the worm.
The worm is moderately wounded.
The worm bites you!
You hit the worm.
The worm is heavily wounded.
You hit the worm.
The worm is heavily wounded.
The worm barely misses you.
You hit the worm.
The worm is severely wounded.
You completely miss the worm. You claw the worm.
The worm is almost dead.
The worm bites you but does no damage.
You hit the worm.
The worm is almost dead.
You barely miss the worm. You claw the worm, but do no damage.
The worm is almost dead.
The worm bites you.
You die...

_.#...... ..###....
##'.### . g#....####
.##......# ### .
#......# ..# .
##.....# #.# . #.....#
#w# . #.....# #@#
#..##.#######.# #
#####.##.........#.#.#
....................>#
#####..####.##<..(..##
##. #.####.##.# #. #.#
#.# .# ## #.# #.# #
..# #.#


You could see a worm.

Action                   || total
-------------------------++-------
Melee: Unarmed           ||    79
       Punch             ||     2
       Kick              ||    16
 Stab: Sleeping          ||     1
Armor: Robe              ||    25
Dodge: Dodged            ||    40

Notes
Turn   | Place    | Note
--------------------------------------------------------------
     0 | D:1      | Duffy the Demonspawn Transmuter began the quest for the Orb.
     0 | D:1      | Reached XP level 1. HP: 15/15 MP: 3/3
   342 | D:1      | Reached skill level 3 in Unarmed Combat
   361 | D:1      | Gained mutation: You have sharp toenails. [demonic ancestry]
   361 | D:1      | Reached XP level 2. HP: 19/21 MP: 5/5
  1075 | D:2      | Found a shattered altar of Ashenzari.
  1109 | D:2      | Slain by a worm

Skill      XL: |  1 |
---------------+----+-----
Unarmed Combat | 3 |  3.6
Fighting       | |  1.0
Dodging        | |  1.7
Spellcasting   | |  2.0
Transmutations | |  1.7

Vault maps used:
D:1:      tarquinn_simple_flora_water_f
D:2:      yredelemnul_forgotten_temple_becter, first_bread,
          minmay_gold_behind_fungi, nicolae_ashenzari_panopticon

Vanquished Creatures
  A dart slug
  A giant cockroach
  A goblin
  3 hobgoblins
  5 bats
  A giant newt
  4 kobolds
  3 rats
19 creatures vanquished.
